 Dungeon Sprint DCSS version 0.28.0-45-g0d030f2227 (webtiles) character file.

Game seed: 9808287546547044566

274390 Groucho the Ninja (level 12, 46/65 HPs)
             Began as a Felid Berserker on Apr 9, 2022.
             Was an Elder of Trog.
             Escaped with the Orb!
             The game lasted 00:18:14 (3876 turns).

Groucho the Ninja (Felid Berserker)                 Turns: 3876, Time: 00:18:14

Health: 46/65      AC:  3    Str: 11    XL:     12   Next: 44%
Magic:  21/22      EV: 34    Int:  5    God:    Trog [****..]
Gold:   2860       SH:  0    Dex: 20    Spells: 26/26 levels left
                                        Lives:  2   Deaths: 1

rFire   + + .      SeeInvis +     - Unarmed
rCold   . . .      Faith    .   (shield unavailable)
rNeg    . . .      Spirit   +   (armour unavailable)
rPois   .          Reflect  .   (helmet unavailable)
rElec   .          Harm     .   (cloak unavailable)
rCorr   .          Rampage  .   (gloves unavailable)
Will    +....      NoTele   +   (boots unavailable)
Stlth   ++++......              n - amulet of guardian spirit
HPRegen 0.00/turn               m - ring of protection from fire
MPRegen 0.18/turn               q - ring of fire

@: inhibited regen, quick
A: very small, claws 1, fangs 3, see invisible, speed 1, shaggy fur 3, stealthy
paws, no weapons or thrown items, no armour, multi-lived, dopey 2, low MP 1,
inhibited regeneration, weak 1
0: Orb of Zot
a: Renounce Religion, Berserk, Trog's Hand, Brothers in Arms


You escaped.
You worshipped Trog.
Trog was greatly pleased with you.
You visited 1 branch You collected 3802 gold pieces.
You spent 942 gold pieces at shops.

Inventory:

Jewellery
 b - a ring of poison resistance
 m - a ring of protection from fire (left paw)
 n - an amulet of guardian spirit (around neck)
 q - a ring of fire (right paw)
Wands
 a - a wand of charming (10)
 e - a wand of flame (12)
 i - a wand of digging (3)
 j - a wand of paralysis (3)
 s - a wand of polymorph (6)
Scrolls
 f - 3 scrolls of identify {unknown}
 k - 2 scrolls of enchant weapon {unknown}
 p - a scroll of torment {unknown}
 r - 2 scrolls of holy word {unknown}
Potions
 c - a potion of haste
 d - 2 potions of magic
 g - a potion of flight
 h - 2 potions of attraction {unknown}
 l - 2 potions of curing
 o - a potion of cancellation {unknown}


   Skills:
 + Level 15.0 Fighting
 + Level 19.0 Dodging
 O Level 27 Stealth
 + Level 15.0 Unarmed Combat
 + Level 7.9 Spellcasting


You had 26 spell levels left.
You didn't know any spells.
Your spell library was empty.

Dungeon Overview and Level Annotations

Branches:
Dungeon (1/1)

Altars:
Cheibriados
Dithmenos
Elyvilon
Fedhas
Gozag
Hepliaklqana
Kikubaaqudgha
Makhleb
Nemelex Xobeh
Okawaru
Qazlal
Ru
Sif Muna
Trog
Uskayaw
Vehumet
Wu Jian
Xom
Yredelemnul
Zin
The Shining One
Jiyva
Lugonu

Shops:
D ?!?[:?:!(=((*[[!:(*[==

Annotations:
D Tiamat


Innate Abilities, Weirdness & Mutations

You have sharp claws.
You have razor-sharp teeth.
You have supernaturally acute eyesight. (SInv)
You cover ground quickly. (Speed+)
Your thick and shaggy fur keeps you warm. (AC +3, rC+)
Your paws help you pounce on unaware monsters.
You are incapable of wielding weapons or throwing items.
You cannot wear armour.
You gain extra lives every three experience levels.
You are very dopey. (Int -4)
Your magical capacity is low. (-10% MP)
You do not regenerate when monsters are visible.
You are weak. (Str -2)


Message History

A chaos spawn comes into view.
A chaos spawn is nearby!
A chaos spawn is nearby!
You close the door.
Something unseen opens the door.
The chaos spawn closely misses you.
There is an open door here.
You scratch the chaos spawn but do no damage.
The chaos spawn completely misses you.
You claw the chaos spawn!
The chaos spawn is moderately wounded.
The chaos spawn completely misses you.
You closely miss the chaos spawn. Your claw misses the chaos spawn.
The chaos spawn is moderately wounded.
You scratch the chaos spawn but do no damage.
The chaos spawn is moderately wounded.
The chaos spawn completely misses you.
You closely miss the chaos spawn.
The chaos spawn is moderately wounded.
The chaos spawn completely misses you.
You scratch the chaos spawn but do no damage.
The chaos spawn is moderately wounded.
You closely miss the chaos spawn. Your bite misses the chaos spawn.
The chaos spawn is moderately wounded.
The chaos spawn closely misses you.
You barely miss the chaos spawn. Your claw misses the chaos spawn.
The chaos spawn is moderately wounded.
The chaos spawn completely misses you.
You scratch the chaos spawn but do no damage.
The chaos spawn is moderately wounded.
The chaos spawn completely misses you.
You scratch the chaos spawn.
You bite the chaos spawn, but do no damage.
The chaos spawn is heavily wounded.
A Hell Sentinel comes into view.
You closely miss the chaos spawn.
You bite the chaos spawn, but do no damage.
The chaos spawn is heavily wounded.
The chaos spawn completely misses you.
There is a staircase leading out of the dungeon here.
You have escaped!

##################
#@4#..'..#.)'..#__
#1.'..#..'..#..'..
#))#####'#####'#__
#).####..#...#.###
#..#__####..##§#≈≈
#..#_____##'#_§§≈≈
#⌠⌠#_.∩...'..._#§≈
####_..__##_.#'##'
#_____###'#[#§|


You could see a Hell Sentinel and a chaos spawn.

Vanquished Creatures
  A golden dragon (D)
  4 fire giants (D)
  A hydra (D)
  2 centaur warriors (D)
  Sonja (D)
  A deep troll (D)
  A lindwurm (D)
  An oklob plant (D)
  7 unseen horrors (D)
  2 kobold demonologists (D)
  A red devil (D)
  A hornet (D)
  A slime creature (D)
  Sigmund (D)
  13 hogs (D)
  A yak (D)
  2 redbacks (D)
  4 floating eyes (D)
  7 necrophages (D)
  An ogre (D)
  8 jellies (D)
  Ijyb (D)
62 creatures vanquished.

Vanquished Creatures (collateral kills)
  A shadow dragon (D)
  A lorocyproca (D)
  8 shining eyes (D)
  A gargoyle (D)
  4 demonic crawlers (D)
  3 floating eyes (D)
  A ballistomycete spore (D)
19 creatures vanquished.

Vanquished Creatures (others)
  A ballistomycete spore (D)
1 creature vanquished.

Grand Total: 82 creatures vanquished

Notes
Turn   | Place    | Note
-------+----------+-------------------------------------------
     0 | D        | Groucho the Felid Berserker began the quest for the Orb.
     0 | D        | Reached XP level 1. HP: 10/10 MP: 2/2
     2 | D        | Noticed Ijyb
    18 | D        | Killed Ijyb
    19 | D        | Reached skill level 8 in Stealth
    19 | D        | Reached XP level 2. HP: 6/14 MP: 3/3
   257 | D        | Noticed an ogre
   271 | D        | Killed an ogre
   272 | D        | Reached skill level 12 in Stealth
   272 | D        | Reached XP level 3. HP: 17/17 MP: 4/4
   272 | D        | Reached XP level 4. HP: 21/21 MP: 5/5
   294 | D        | Noticed Sigmund
   296 | D        | Killed Sigmund
   296 | D        | Reached ** piety under Trog
   297 | D        | Reached skill level 17 in Stealth
   297 | D        | Reached XP level 5. HP: 24/24 MP: 6/6
   312 | D        | Found a shimmering blue altar of Sif Muna.
   313 | D        | Found an ornate altar of the Wu Jian Council.
   314 | D        | Found a radiant altar of Vehumet.
   320 | D        | Gained mutation: You are covered in thick fur. (AC +2)
                  | [Felid growth]
   320 | D        | Reached XP level 6. HP: 28/28 MP: 7/7
   329 | D        | Found Liutij's Armour Emporium.
   329 | D        | Found an ancient bone altar of Kikubaaqudgha.
   329 | D        | Found a hazy altar of Hepliaklqana.
   329 | D        | Found a stormy altar of Qazlal.
   329 | D        | Found a hide-covered altar of Uskayaw.
   329 | D        | Found a blossoming altar of Fedhas.
   329 | D        | Found a bloodstained altar of Trog.
   329 | D        | Found an iron altar of Okawaru.
   329 | D        | Found a basalt altar of Yredelemnul.
   329 | D        | Found a glowing golden altar of the Shining One.
   329 | D        | Found a snail-covered altar of Cheibriados.
   329 | D        | Found a sacrificial altar of Ru.
   329 | D        | Found a glowing silver altar of Zin.
   329 | D        | Found a shadowy altar of Dithmenos.
   329 | D        | Found a white marble altar of Elyvilon.
   329 | D        | Noticed a yak
   330 | D        | Found an opulent altar of Gozag.
   331 | D        | Killed a yak
   332 | D        | Reached skill level 19 in Stealth
   332 | D        | Found a sparkling altar of Nemelex Xobeh.
   370 | D        | Found a burning altar of Makhleb.
   370 | D        | Found a shimmering altar of Xom.
   370 | D        | Noticed a slime creature
   371 | D        | Found a viscous altar of Jiyva.
   371 | D        | Found a corrupted altar of Lugonu.
   373 | D        | Killed a slime creature
   373 | D        | Reached *** piety under Trog
   374 | D        | Reached skill level 21 in Stealth
   374 | D        | Reached XP level 7. HP: 31/31 MP: 8/8
   401 | D        | Noticed a centaur warrior
   401 | D        | Noticed a centaur warrior
   402 | D        | Killed a centaur warrior
   403 | D        | Reached skill level 5 in Fighting
   403 | D        | Reached skill level 5 in Unarmed Combat
   403 | D        | Reached XP level 8. HP: 37/37 MP: 9/9
   403 | D        | Killed a centaur warrior
   404 | D        | Reached skill level 22 in Stealth
   408 | D        | Noticed a hornet
   411 | D        | Killed a hornet
   412 | D        | Reached XP level 9. HP: 43/43 MP: 10/10
   423 | D        | Noticed an oklob plant
   425 | D        | Killed an oklob plant
   425 | D        | Reached **** piety under Trog
   426 | D        | Reached skill level 10 in Dodging
   433 | D        | Reached skill level 23 in Stealth
   453 | D        | Noticed an unseen horror
   453 | D        | Noticed an unseen horror
   479 | D        | Killed an unseen horror
   491 | D        | Slain by an unseen horror
   492 | D        | Reached XP level 8. HP: 0/41 MP: 9/9
   685 | D        | Killed an unseen horror
   892 | D        | Reached ***** piety under Trog
   930 | D        | Reached XP level 9. HP: 45/45 MP: 10/10
   986 | D        | Reached ****** piety under Trog
  1270 | D        | Identified the +10 swamp dragon scales "Lug Pya" {rPois
                  | Int+5}
  1275 | D        | Identified the +6 short sword of Sunlight {vorpal, rPois
                  | Int+3 Dex+4}
  1281 | D        | Found Otsucs's Distillery.
  1281 | D        | Found Ykly's Book Shop.
  1281 | D        | Found Soid's Antique Weapon Boutique.
  1283 | D        | Found Pezevait's Jewellery Emporium.
  1283 | D        | Found Dusoohipo's Antique Weapon Shop.
  1283 | D        | Found Esunt's Antique Weapon Shoppe.
  1283 | D        | Found Qiunyrghig's General Store.
  1283 | D        | Found Gaemmius's Armour Emporium.
  1283 | D        | Found Wapsorips's Antique Armour Shop.
  1283 | D        | Found Jakliuhofa's Distillery.
  1284 | D        | Bought a potion of flight for 42 gold pieces
  1285 | D        | Found Riahil's Book Boutique.
  1286 | D        | Bought a ring of poison resistance for 240 gold pieces
  1286 | D        | Found Ypheex's Assorted Antiques.
  1286 | D        | Found Ahioq's Antique Weapon Boutique.
  1287 | D        | Found Miruas's Jewellery Emporium.
  1333 | D        | Noticed a deep troll
  1335 | D        | Killed a deep troll
  1336 | D        | Reached skill level 10 in Fighting
  1336 | D        | Reached skill level 24 in Stealth
  1336 | D        | Reached skill level 10 in Unarmed Combat
  1341 | D        | Found Pyqon's Armour Emporium.
  1358 | D        | Noticed Sonja
  1361 | D        | Killed Sonja
  1378 | D        | Found Gah Ome's Magic Scroll Boutique.
  1464 | D        | Noticed a kobold demonologist
  1465 | D        | Noticed a kobold demonologist
  1467 | D        | Killed a kobold demonologist
  1468 | D        | Reached XP level 10. HP: 34/51 MP: 11/11
  1490 | D        | Noticed a gargoyle
  1491 | D        | Killed a gargoyle
  1492 | D        | Reached skill level 25 in Stealth
  1584 | D        | Noticed a lindwurm
  1586 | D        | Killed a lindwurm
  1616 | D        | Reached skill level 15 in Dodging
  1664 | D        | Reached XP level 11. HP: 22/57 MP: 12/12
  1804 | D        | Noticed a 12-headed hydra
  1806 | D        | Killed a 12-headed hydra
  1904 | D        | Bought a ring of protection from fire for 300 gold pieces
  1904 | D        | Bought an amulet of guardian spirit for 360 gold pieces
  1976 | D        | Noticed a lorocyproca
  1992 | D        | Killed a lorocyproca
  1993 | D        | Reached skill level 26 in Stealth
  1993 | D        | Reached skill level 1 in Spellcasting
  2595 | D        | Noticed a shadow dragon
  2595 | D        | Noticed a golden dragon
  2630 | D        | Killed a shadow dragon
  2786 | D        | Killed a golden dragon
  2855 | D        | Found Pejo's Jewellery Shoppe.
  2954 | D        | Noticed a shining eye
  2954 | D        | Noticed a shining eye
  2954 | D        | Noticed a shining eye
  2954 | D        | Noticed a shining eye
  2954 | D        | Noticed a shining eye
  2954 | D        | Noticed a shining eye
  2955 | D        | Gained mutation: You are dopey. (Int -2) [a shining eye]
  2956 | D        | Gained mutation: You do not regenerate when monsters are
                  | visible. [a shining eye]
  2960 | D        | Killed a shining eye
  2960 | D        | Gained mutation: You are very dopey. (Int -4) [a shining
                  | eye]
  2961 | D        | Killed a shining eye
  2963 | D        | Gained mutation: You are weak. (Str -2) [a shining eye]
  2964 | D        | Killed a shining eye
  2965 | D        | Killed a shining eye
  2966 | D        | Reached skill level 5 in Spellcasting
  2966 | D        | Noticed a shining eye
  2966 | D        | Noticed a shining eye
  2966 | D        | Gained mutation: Your magical capacity is low. (-10% MP) [a
                  | shining eye]
  2967 | D        | Paralysed by a floating eye for 3 turns
  2968 | D        | Killed a shining eye
  2969 | D        | Killed a shining eye
  2974 | D        | Killed a shining eye
  2974 | D        | Killed a shining eye
  2975 | D        | Reached skill level 27 in Stealth
  2979 | D        | Found Oczuubug's Book Shop.
  2979 | D        | Found Raic Mol's Distillery.
  2979 | D        | Found Enuo's Magic Scroll Boutique.
  2979 | D        | Found Yclusakh's Magic Scroll Emporium.
  3056 | D        | Noticed a daeva
  3063 | D        | Gained mutation: Your thick and shaggy fur keeps you warm.
                  | (AC +3, rC+) [Felid growth]
  3063 | D        | Reached XP level 12. HP: 64/64 MP: 19/19
  3277 | D        | Noticed a fire giant
  3298 | D        | Killed a fire giant
  3445 | D        | Noticed a fire giant
  3446 | D        | Noticed a fire giant
  3456 | D        | Noticed a fire giant
  3481 | D        | Killed a fire giant
  3589 | D        | Killed a fire giant
  3650 | D        | Killed a fire giant
  3751 | D        | Found the +4 dragonskin cloak
  3751 | D        | Noticed Tiamat
  3753 | D        | Got the Orb of Zot
  3835 | D        | Reached skill level 15 in Fighting
  3835 | D        | Reached skill level 15 in Unarmed Combat
  3872 | D        | Noticed a Hell Sentinel
  3876 | D        | Escaped with the Orb!

Illustrated notes

Levels and vault maps discovered:
D:        dungeon_sprint_1 [red_sonja_temple_1, red_sonja_temple_small_1]

Skill      XL: |  1  2  3  4  5  6  7  8  9 10 11 12 |
---------------+-------------------------------------+-----
Stealth        | 8 12 17 21 22 24 25 27 | 27.0
Fighting       | 5 9 10 12 14 15 | 15.0
Dodging        | 7 9 13 15 17 19 | 19.0
Unarmed Combat | 5 9 10 12 14 15 | 15.0
Spellcasting   | 5 7 |  7.9

Action                   |  1- 3 |  4- 6 |  7- 9 | 10-12 || total
-------------------------+-------+-------+-------+-------++-------
Melee: Unarmed           |    11 |     4 |    63 |   149 ||   227
       Bite              |     1 |       |     8 |    32 ||    41
       Punch             |       |       |     1 |    12 ||    13
Invok: Berserk           |     1 |       |     3 |     4 ||     8
       Brothers in Arms  |       |       |     1 |    12 ||    13
       Trog's Hand       |       |       |     1 |     4 ||     5
Evoke: Wand              |       |       |       |     2 ||     2
  Use: Potion            |     1 |       |     2 |     3 ||     6
       Scroll            |       |       |     1 |       ||     1
 Stab: Sleeping          |       |     4 |    17 |     9 ||    30
Armor: Skin              |       |       |       |     3 ||     3
Dodge: Dodged            |     4 |       |    67 |   112 ||   183
